 Dungeon Crawl Stone Soup version 0.28.0-47-ge53b351184 (webtiles) character file.

Game seed: 3855047747823930409

28 Zeld the Chopper (level 3, -5/33 HPs)
             Began as a Hill Orc Monk on May 2, 2022.
             Slain by an orc
             ... wielding the +8 long sword of the Everdark {freeze, rCorr Str+6 Stlth+}
              (11 damage)
             ... on level 2 of the Dungeon.
             The game lasted 00:01:41 (1518 turns).

Zeld the Chopper (Hill Orc Monk)                    Turns: 1518, Time: 00:01:42

Health: -5/33      AC:  3    Str: 15    XL:     3   Next: 14%
Magic:  3/3        EV: 12    Int: 10    God:
Gold:   32         SH:  0    Dex: 13    Spells: 2/2 levels left

rFire   . . .      SeeInvis .   a - +0 hand axe
rCold   . . .      Faith    .   (no shield)
rNeg    . . .      Spirit   .   b - +0 robe
rPois   .          Reflect  .   (no helmet)
rElec   .          Harm     .   g - +0 cloak
rCorr   .          Rampage  .   (no gloves)
Will    .....                   (no boots)
Stlth   ++........              (no amulet)
HPRegen 0.11/turn               (no ring)
MPRegen 0.08/turn               (no ring)

@: no status effects
A: no striking features
a: no special abilities


You were on level 2 of the Dungeon.
You visited 1 branch of the dungeon, and saw 3 of its levels.

You collected 32 gold pieces.

Inventory:

Hand Weapons
 a - a +0 hand axe (weapon)
Armour
 b - a +0 robe (worn)
 g - a +0 cloak (worn)
Scrolls
 d - 2 scrolls of enchant armour {unknown}
 e - a scroll of blinking {unknown}
 f - a scroll of identify {unknown}
Potions
 c - a potion of heal wounds {unknown}


   Skills:
 * Level 4.0 Fighting
 * Level 4.4 Axes
 + Level 0.6 Armour
 + Level 2.5 Dodging
 * Level 2.0 Stealth


You had 2 spell levels left.
You didn't know any spells.
Your spell library was empty.

Dungeon Overview and Level Annotations

Branches:
Dungeon (3/15)

Altars:


Message History

You are too injured to fight recklessly!
The orc hits you with the +8 long sword of the Everdark {freeze, rCorr Str+6 Stlth+}.
The orc freezes you.
* * * LOW HITPOINT WARNING * * *
You see here a ring of protection from fire.
There is an open door here.
You see here a +0 great sword.
There is an open door here.
The orc wizard gestures wildly while chanting.
The orc wizard flickers and vanishes!
Deactivating autopickup; reactivate with Ctrl-A.
There is an escape hatch in the ceiling here.
The orc hits you with the +8 long sword of the Everdark {freeze, rCorr Str+6 Stlth+}.
* * * LOW HITPOINT WARNING * * *
The orc freezes you.
* * * LOW HITPOINT WARNING * * *
A mysterious force pulls you upwards. The hatch slams shut behind you.
Reactivating autopickup.
Found a stone staircase leading down.
There is a stone staircase leading down here.
A hobgoblin comes into view.
There is a stone staircase leading down here.
The hobgoblin shouts!
The orc barely misses you.
There is a stone staircase leading down here.
Press: ? - help, v - describe, . - travel
Here: an orc, wielding the +8 long sword of the Everdark {freeze, rCorr Str+6 Stlth+} A stone staircase leading down.
The hobgoblin hits you but does no damage.
The hobgoblin hits you but does no damage.
The orc closely misses you. The orc completely misses you.
The hobgoblin barely misses you.
The orc hits you with the +8 long sword of the Everdark {freeze, rCorr Str+6 Stlth+}.
* * * LOW HITPOINT WARNING * * *
The orc freezes you.
* * * LOW HITPOINT WARNING * * *
There is a stone staircase leading down here.
The orc hits you with the +8 long sword of the Everdark {freeze, rCorr Str+6 Stlth+}!
You die...

#+# #.# #.# ##.##
###...#####
#######......g..#
.........#.o###.#######
######.....@..........
#.#...###.#######
#.##.####.# #......>..#
####.###### #.# #.# #.#
#.#


You could see an orc.

Vanquished Creatures
  A worm (D:2)
  A dart slug (D:1)
  2 endoplasms
  3 giant cockroaches (D:1)
  4 hobgoblins
  A kobold (D:3)
  3 ball pythons
  2 bats
  A frilled lizard (D:3)
  3 rats
21 creatures vanquished.

Notes
Turn   | Place    | Note
-------+----------+-------------------------------------------
     0 | D:1      | Zeld the Hill Orc Monk began the quest for the Orb.
     0 | D:1      | Reached XP level 1. HP: 19/19 MP: 1/1
   224 | D:1      | Reached XP level 2. HP: 26/27 MP: 2/2
  1353 | D:3      | Reached XP level 3. HP: 33/33 MP: 3/3
  1403 | D:3      | Identified the +8 long sword of the Everdark {freeze, rCorr
                  | Str+6 Stlth+}
  1518 | D:2      | Slain by an orc

Illustrated notes

Levels and vault maps discovered:
D:1:      dpeg_arrival_solitude, layout_loops_ring,
          shapermc_ecumenical_altar_pompeii, eino_curves_04
D:2:      layout_loops_corners, mrwooster_statue_mirror
D:3:      layout_basic, kennysheep_doodads

Skill      XL: |  1  2 |
---------------+-------+-----
Fighting       | 4 |  4.0
Stealth        | 2 |  2.0
Axes           | |  4.4
Armour         | |  0.6
Dodging        | |  2.5

Action                   || total
-------------------------++-------
Melee: Hand axe          ||    77
       Punch             ||     1
 Stab: Sleeping          ||     5
Armor: Robe              ||    12
Dodge: Dodged            ||    42
